 Dungeon Crawl Stone Soup version 0.22.1-2-g9c5b331 (webtiles) character file.

190 dvd the Skirmisher (level 5, -8/33 HPs)
             Began as a Gargoyle Monk on Dec 4, 2018.
             Killed by divine providence
             ... invoked by an orc priest
              (13 damage)
             ... on level 3 of the Dungeon.
             The game lasted 00:04:54 (2907 turns).

dvd the Skirmisher (Gargoyle Monk)                  Turns: 2907, Time: 00:04:54

Health: -8/33      AC: 10    Str: 16    XL:     5   Next: 69%
Magic:  5/5        EV: 12    Int: 10    God:
Gold:   236        SH:  4    Dex: 12    Spells: 4/4 levels left

rFire    . . .     SeeInvis .   u - +4 quarterstaff (chaos)
rCold    . . .     Gourm    .   (shield currently unavailable)
rNeg     + . .     Faith    .   o - +0 ring mail
rPois    ∞         Spirit   .   (no helmet)
rElec    +         Reflect  +   v - +0 cloak
rCorr    .         Harm     .   (no gloves)
MR       .....                  (no boots)
Stlth    +.........             g - +4 amulet of reflection
HPRegen  0.11/turn              (no ring)
MPRegen  0.09/turn              (no ring)

@: no status effects
A: negative energy resistance 1, electricity resistance, unbreathing,
petrification resistance, rot immunity, AC +4
a: no special abilities


You were on level 3 of the Dungeon.
You were not hungry.

You visited 1 branch of the dungeon, and saw 3 of its levels.

You collected 236 gold pieces.

Inventory:

Hand Weapons
 a - a +0 hand axe
 l - a +0 mace
 u - a +4 quarterstaff of chaos (weapon)
 x - a cursed -1 war axe
Missiles
 r - 4 tomahawks (quivered)
Armour
 b - a +0 robe
 o - a +0 ring mail (worn)
 v - a +0 cloak (worn)
Jewellery
 g - a +4 amulet of reflection (around neck)
Scrolls
 i - a scroll of enchant armour {unknown}
 j - a scroll of remove curse {unknown}
 k - a scroll of fear {unknown}
 m - a scroll of noise {unknown}
 n - a scroll of teleportation {unknown}
 p - a scroll of identify {unknown}
 q - a scroll of random uselessness {unknown}
 t - a scroll of magic mapping {unknown}
 w - a scroll of immolation {unknown}
Potions
 d - a potion of heal wounds {unknown}
 e - a potion of berserk rage {unknown}
 h - a potion of lignification {unknown}
 s - a potion of degeneration {unknown}
 z - 2 potions of agility {unknown}
Comestibles
 c - 8 rations


   Skills:
 + Level 4.2 Fighting
 + Level 4.2 Axes
 + Level 0.5 Staves
 + Level 0.4 Throwing
 + Level 1.4 Armour
 + Level 3.0 Dodging
 + Level 2.6 Stealth


You had 4 spell levels left.
You didn't know any spells.
Your spell library contained the following spells:

 Spells                   Type           Power        Failure   Level  Hunger
 Animate Skeleton         Necr           N/A          56%         1    ##.....
 Apportation              Tloc           #.....       56%         1    ##.....
 Confusing Touch          Hex            #.....       56%         1    ##.....
 Summon Small Mammal      Summ           #...         56%         1    ##.....


Dungeon Overview and Level Annotations

Branches:
Dungeon (3/15)

Altars:

Annotations:
D:3 Natasha


Innate Abilities, Weirdness & Mutations

You are resistant to torment.
Your stone body is resilient. (AC +4)
You are immune to poison.
You resist negative energy. (rN+)
You are resistant to electric shocks. (rElec)
You can survive without breathing.
You are immune to petrification.
You are immune to rotting.


Message History

Natasha, Servant of Life and Death comes into view.
The orc wizard closely misses you.
The orc priest mumbles some strange prayers to Beogh against you.
You barely resist. You completely miss the orc priest.
The orc priest is heavily wounded.
The orc wizard casts a spell at you. The magic dart hits you!
The orc priest hits you. The orc priest barely misses you.
The orc wizard closely misses you. The orc priest barely misses you.
You barely miss the orc priest.
The orc priest is heavily wounded.
The orc wizard barely misses you.
Natasha mumbles some strange words.
The orc priest mumbles some strange prayers to Beogh against you.
Beogh smites you!
* * * LOW HITPOINT WARNING * * *
The orc priest invokes the aid of Beogh against you.
Beogh smites you!
You die...

#.# ### #.#
.....###.##
..........#####
.....###..##..
......##..##$#
..........##.####
.....#..#....oo.###.#
... ##...##.@oo....#
# .......##.##.##..#
#.###.###.. .. # #.#
#h## ..# #'# #.# .#
... #.. # .. ###


You could see 2 orc priests, an orc wizard, Natasha and an orc.

Vanquished Creatures
  Crazy Yiuf (D:2)
  Natasha (D:3)
  6 adders
  An ooze (D:2)
  3 worms (D:2)
  A dart slug (D:1)
  4 leopard geckos
  4 orcs
  A ball python (D:2)
  10 bats
  A giant cockroach (D:2)
  4 goblins (D:1)
  8 hobgoblins
  9 kobolds
  6 frilled lizards
  5 rats
65 creatures vanquished.

Notes
Turn   | Place    | Note
-------+----------+-------------------------------------------
     0 | D:1      | dvd the Gargoyle Monk began the quest for the Orb.
     0 | D:1      | Reached XP level 1. HP: 14/14 MP: 1/1
   576 | D:1      | Reached XP level 2. HP: 19/19 MP: 2/2
  1217 | D:1      | Reached XP level 3. HP: 19/24 MP: 3/3
  1509 | D:2      | Reached XP level 4. HP: 29/29 MP: 4/4
  1850 | D:2      | Reached skill level 1 in Armour
  1864 | D:2      | Reached XP level 5. HP: 17/33 MP: 5/5
  2182 | D:2      | Found a runed door.
  2186 | D:2      | Noticed Crazy Yiuf
  2199 | D:2      | Killed Crazy Yiuf
  2549 | D:3      | Noticed Natasha
  2556 | D:3      | Killed Natasha
  2905 | D:3      | Noticed Natasha
  2907 | D:3      | Killed from afar by an orc priest

Skill      XL: |  1  2  3  4  5 |
---------------+----------------+-----
Axes           | 3 4 |  4.2
Fighting       | 4 |  4.2
Armour         | 1 |  1.4
Dodging        | 3 |  3.0
Staves         | |  0.5
Throwing       | |  0.4
Stealth        | |  2.6

Action                   |  1- 3 |  4- 6 || total
-------------------------+-------+-------++-------
Melee: Hand axe          |   141 |    80 ||   221
       Quarterstaff      |       |    34 ||    34
Throw: Tomahawk          |       |     9 ||     9
 Stab: Sleeping          |       |     2 ||     2
       Paralysed         |       |     1 ||     1
  Eat: Chunk             |     2 |     5 ||     7
Armor: Robe              |    28 |       ||    28
       Ring mail         |    25 |    52 ||    77
Dodge: Dodged            |    93 |    73 ||   166
Block: Other             |    26 |    30 ||    56
       Reflection        |     1 |       ||     1
